 Dungeon Crawl Stone Soup version 0.25-a0-435-g4b9beb1024 (webtiles) character file.

Game seed: 66915704516101621, levelgen mode: deterministic

149 Archen the Chopper (level 5, 0/47 HPs)
             Began as a Minotaur Berserker on Jan 27, 2020.
             Was a Believer of Trog.
             Slain by Laukis's ghost (9 damage)
             ... on level 3 of the Dungeon.
             The game lasted 00:07:20 (2399 turns).

Archen the Chopper (Minotaur Berserker)             Turns: 2399, Time: 00:07:21

Health: 0/47       AC:  2    Str: 22    XL:     5   Next: 9%
Magic:  4/4        EV: 13    Int:  4    God:    Trog [**....]
Gold:   132        SH:  0    Dex: 10    Spells: 4/4 levels left

rFire    . . .     SeeInvis .   a - +0 hand axe
rCold    . . .     Gourm    .   (no shield)
rNeg     . . .     Faith    .   b - +0 animal skin
rPois    .         Spirit   .   (helmet restricted)
rElec    .         Reflect  .   (no cloak)
rCorr    .         Harm     .   (no gloves)
MR       .....                  (no boots)
Stlth    +.........             o - amulet of regeneration
HPRegen  0.55/turn              (no ring)
MPRegen  0.09/turn              (no ring)

@: berserk cooldown, slowed, very slow
A: retaliatory headbutt, horns 2
a: Berserk, Trog's Hand, Renounce Religion


You were on level 3 of the Dungeon.
You worshipped Trog.
Trog was pleased with you.
You were hungry.

You visited 1 branch of the dungeon, and saw 3 of its levels.

You collected 132 gold pieces.

Inventory:

Hand Weapons
 a - a +0 hand axe (weapon)
Armour
 b - a +0 animal skin (worn)
Jewellery
 o - an amulet of regeneration (around neck)
Scrolls
 d - 2 scrolls of remove curse
 e - a scroll of enchant weapon {unknown}
 g - a scroll of fog {unknown}
 i - a scroll of teleportation {unknown}
 j - 3 scrolls of identify
 q - a scroll of immolation {unknown}
Potions
 h - a potion of curing
 k - a potion of invisibility {unknown}
 l - a potion of brilliance {unknown}
 m - a potion of heal wounds {unknown}
 n - a potion of ambrosia {unknown}
 p - a potion of haste {unknown}
Comestibles
 c - 6 rations
 f - a chunk of flesh


   Skills:
 + Level 4.5 Fighting
 * Level 5.2 Axes
 + Level 3.5 Armour
 + Level 3.3 Dodging


You had 4 spell levels left.
You didn't know any spells.
Your spell library was empty.

Dungeon Overview and Level Annotations

Branches:
Dungeon (3/15)

Altars:
Okawaru
Xom
Zin

Annotations:
D:3 Emblim88's ghost, amateur DsAK; Laukis's ghost, amateur DrTm


Innate Abilities, Weirdness & Mutations

You reflexively headbutt those who attack you in melee.
You have a pair of horns on your head.


Message History

* * * LOW HITPOINT WARNING * * *
Emblim88's ghost hits you.
* * * LOW HITPOINT WARNING * * *
A red film seems to cover your vision as you go berserk!
You feel yourself moving faster!
You feel mighty!
You are feeling hungry.
Emblim88's ghost hits you.
* * * LOW HITPOINT WARNING * * *
Laukis's ghost hits you.
* * * LOW HITPOINT WARNING * * *
You feel a strong urge to attack something.
You are too berserk!
You feel your anger nearly subside.
You are no longer berserk.
You are exhausted.
You feel yourself slow down. Laukis's ghost barely misses you.
Emblim88's ghost stares at you.
Laukis's ghost whispers, "There is no future for you."
Laukis's ghost hits you!
You die...

#<.# #.# ###### #.#
##/P⌠P### #.#
#8....#.# #.#
)...$.#.# #.#
P.....'.## #.#
⌠.....'..# #.#
P.....'..########.#
......#.......WW@.#
#8....#.###########
##.P⌠P### ######
#.# #.# ..# ###


You could see Emblim88's ghost and Laukis's ghost.

Vanquished Creatures
  4 adders
  2 shadow imps
  An ooze (D:1)
  3 worms (D:3)
  3 leopard geckos
  An orc (D:3)
  10 bats
  8 giant cockroaches
  7 goblins
  8 hobgoblins
  8 jackals
  5 kobolds
  4 quokkas
  2 frilled lizards (D:3)
  10 rats
76 creatures vanquished.

Notes
Turn   | Place    | Note
-------+----------+-------------------------------------------
     0 | D:1      | Archen the Minotaur Berserker began the quest for the Orb.
     0 | D:1      | Reached XP level 1. HP: 19/19 MP: 0/0
   219 | D:1      | Reached XP level 2. HP: 27/27 MP: 1/1
   260 | D:1      | Reached skill level 4 in Axes
   728 | D:1      | Reached XP level 3. HP: 32/33 MP: 2/2
  1004 | D:2      | Reached ** piety under Trog
  1141 | D:2      | Reached XP level 4. HP: 30/40 MP: 3/3
  1808 | D:3      | Reached skill level 5 in Axes
  1812 | D:3      | Noticed an angel
  1813 | D:3      | Found a shimmering altar of Xom.
  1813 | D:3      | Found a glowing silver altar of Zin.
  2083 | D:3      | Found an iron altar of Okawaru.
  2208 | D:3      | Reached XP level 5. HP: 39/47 MP: 4/4
  2374 | D:3      | Found a runed translucent gate.
  2376 | D:3      | Found a runed translucent gate.
  2379 | D:3      | Found a runed translucent gate.
  2380 | D:3      | Noticed Laukis's ghost (amateur DrTm)
  2380 | D:3      | Noticed Emblim88's ghost (amateur DsAK)
  2399 | D:3      | Slain by Laukis's ghost

Levels and vault maps discovered:
D:1:      minmay_arrival_four_houses, layout_basic, hangedman_decor_points,
          hangedman_decor_opposing, minmay_statues_item
D:2:      layout_basic
D:3:      layout_loops_ring, grunt_temple_overflow_order_and_chaos_1,
          okawaru_gym_becter, gammafunk_ghost_cemetery

Skill      XL: |  1  2  3  4 |
---------------+-------------+-----
Axes           | 4 5 |  5.2
Fighting       | 4 |  4.5
Armour         | 3 |  3.5
Dodging        | 3 |  3.3

Action                   |  1- 3 |  4- 6 || total
-------------------------+-------+-------++-------
Melee: Hand axe          |    84 |    76 ||   160
       Headbutt          |    10 |     7 ||    17
Invok: Berserk           |       |     1 ||     1
  Use: Scroll            |       |     2 ||     2
  Eat: Chunk             |     1 |     4 ||     5
Armor: Animal skin       |    29 |     7 ||    36
Dodge: Dodged            |    67 |    50 ||   117

Table legend:
 A = Non-vault XP
 B = Vault XP
 C = Vault XP percentage of total XP
 D = Non-vault monster count
 E = Vault monster count
 F = Vault count percentage of total count
                 A         B        C        D         E       F
            +---------+---------+-------+---------+---------+-------
      Total |     214 |       0 |   0.0 |      76 |       0 |   0.0
            +---------+---------+-------+---------+---------+-------
        D:1 |      50 |       0 |   0.0 |      24 |       0 |   0.0
        D:2 |      70 |       0 |   0.0 |      29 |       0 |   0.0
        D:3 |      94 |       0 |   0.0 |      23 |       0 |   0.0
            +---------+---------+-------+---------+---------+-------
